 Dungeon Crawl Stone Soup version 0.31-a0-559-g03b8d61ab2 (webtiles) character file.

Game seed: 11680378566583811043

6163 Morbidden the Destroyer (level 10, -5/74 HPs)
             Began as a Demonspawn Conjurer on Aug 17, 2023.
             Was a Believer of Cheibriados.
             Slain by a death yak (18 damage)
             ... on level 8 of the Dungeon.
             The game lasted 00:12:33 (9155 turns).

Morbidden the Destroyer (Demonspawn Conjurer)       Turns: 9155, Time: 00:12:34

Health: -5/74      AC: 13    Str: 13    XL:     10   Next: 60%
Magic:  3/29       EV: 13    Int: 34    God:    Cheibriados [**....]
Gold:   222        SH:  0    Dex: 18    Spells: 12/23 levels left

rFire   . . .        a - +2 dagger (drain)
rCold   . . .        (no shield)
rNeg    . . .        l - +0 ring mail
rPois   .            (helmet restricted)
rElec   .            (no cloak)
rCorr   .            p - +1 pair of gloves
SInv    .            E - +0 pair of boots
Will    .....        m - amulet of magic regeneration
Stlth   ++           A - ring of magical power
HPRegen 0.32/turn    x - +4 ring of protection
MPRegen 0.61/turn

%: no passive effects
@: very slow
A: antennae 1, ignite blood 2, spiny 2, big brain 2
a: Renounce Religion, Bend Time


You were on level 8 of the Dungeon.
You worshipped Cheibriados.
Cheibriados was pleased with you.
You visited 2 branches of the dungeon, and saw 9 of its levels.
You also visited: Sewer.

You collected 482 gold pieces.
You spent 260 gold pieces at shops.

Inventory:

Hand Weapons
 a - a +2 dagger of draining (weapon)
Missiles
 f - a throwing net
Armour
 l - a +0 ring mail (worn)
 p - a +1 pair of gloves (worn)
 E - a +0 pair of boots (worn)
Jewellery
 m - an amulet of magic regeneration (around neck)
 s - a ring of protection from fire
 u - an amulet of reflection
 x - a +4 ring of protection (right hand)
 A - a ring of magical power (left hand)
 B - a ring of protection from fire
 D - a +6 ring of intelligence
Talismans
 q - a beast talisman
Wands
 v - a wand of roots (9)
Scrolls
 d - 2 scrolls of blinking
 k - 3 scrolls of enchant weapon
 o - 3 scrolls of fog
 r - 2 scrolls of fear
 t - a scroll of brand weapon
 y - 2 scrolls of enchant armour
 z - a scroll of poison
 C - a scroll of silence {unknown}
 F - a scroll of identify
 G - a scroll of amnesia
Potions
 b - 2 potions of magic
 c - 2 potions of brilliance {unknown}
 e - 3 potions of curing
 g - a potion of ambrosia {unknown}
 h - a potion of degeneration {unknown}
 i - a potion of haste {unknown}
 j - 2 potions of heal wounds {unknown}
 n - 3 potions of mutation {unknown}
 w - a potion of enlightenment {unknown}


   Skills:
 * Level 5.1 Fighting
 + Level 3.0 Short Blades
 + Level 3.9 Armour
 * Level 4.9 Dodging
 + Level 2.9 Stealth
 + Level 1.3 Unarmed Combat
 * Level 7.0 Spellcasting
 * Level 8.2 Conjurations
 * Level 2.4 Translocations
 * Level 2.6 Air Magic
 * Level 4.5 Invocations
 * Level 3.6 Shapeshifting


You had 12 spell levels left.
You knew the following spells:

 Your Spells              Type           Power      Damage    Failure   Level
a - Magic Dart            Conj           100%       1d8       1%          1
b - Searing Ray           Conj           100%       2d8       1%          2
d - Airstrike             Air            14%        2d(3-19)  26%         4
z - Iskenderun's Mystic   Conj/Tloc      48%        2d11      9%          4

Your spell library contained the following spells:

 Spells                   Type           Power      Damage    Failure   Level
 Kiss of Death            Conj/Necr      100%       2d13      1%          1
 Static Discharge         Conj/Air       96%        2-6/arc   1%          2
 Apportation              Tloc           56%        N/A       2%          1
 Dazzling Flash           Conj/Hex       80%        N/A       4%          3
 Necrotise                Necr           48%        1d6       8%          1
 Summon Small Mammal      Summ           48%        N/A       8%          1
 Fulminant Prism          Conj/Hex       20%        3d12      14%         4
 Confusing Touch          Hex            12%        N/A       22%         3
 Summon Lightning Spire   Summ/Air       20%        N/A       41%         4
 Dispel Undead            Necr           12%        3d9       58%         4
 Leda's Liquefaction      Hex/Erth       6%         N/A       58%         4
 Alistair's Intoxication  Tmut/Pois      8%         N/A       90%         5
 Lee's Rapid Deconstruct  Erth           6%         3d6*      90%         5
 Leda's Unmaking          Conj/Erth      20%        9d4       91%         6


Dungeon Overview and Level Annotations

Branches:
Dungeon (8/15)             Temple (1/1) D:4           Sewer (visited)
   Lair: D:8-11

Altars:
Ashenzari
Cheibriados
Dithmenos
Fedhas
Gozag
Hepliaklqana
Kikubaaqudgha
Makhleb
Nemelex Xobeh
Okawaru
Ru
Sif Muna
Trog
Vehumet
Wu Jian
Xom
Yredelemnul

Shops:
D:5 =   D:6 *


Innate Abilities, Weirdness & Mutations

You have a pair of small antennae on your head.
Your demonic aura often causes spilled blood to erupt in flames.
You are mostly covered in sharp spines.
You have an extremely huge brain. (Int +4)


Message History

Unknown command.
Unknown command.
Okay, then.
Unknown command.
You feel better.
Unknown command.
Unknown command.
Casting: Searing Ray (safe; 1% risk of failure)
Confirm with . or Enter, or press ? or * to list all spells.
You erupt in a blast of force!
The mystic blast hits the death yak!
You kill the death yak!
Cheibriados appreciates the change of pace.
Your Spellcasting skill increases to level 7!
Unknown command.
Unknown command.
Unknown command.
Aiming: Fastroot
Press: ? - help, Shift-Dir - straight line, f - death yak
Aim: a death yak (severely wounded)
The roots erupt in riotous growth!
Roots grab the death yak.
The grasping roots constrict the death yak.
Unknown command.
Unknown command.
Unknown command.
The grasping roots constrict the death yak.
The roots release their grip on the death yak.
Aiming: Fastroot
Press: ? - help, Shift-Dir - straight line, f/p - death yak
Aim: a death yak (almost dead)
The roots erupt in riotous growth!
Roots grab the death yak.
The grasping roots constrict the death yak.
The death yak escapes!
Unknown command.
Unknown command.
Unknown command.
The death yak attacks as you move away! The death yak closely misses you.
The death yak is struck by your spines. The death yak gores you!!
You die...

.....Y.............###...........
.............#.....# #........>..
...............#...###...........
.............#.##.>.#............
............##.###....<..........
#..###.####.##.#.................
...#.....##....#.................
#..#.#.####..#.Y.................
...#.._..#..#...@................
...###)#)#.##..................##
...#..)).#. #......<.............
...###.### #.................#..
#...####................##..
##..............#.......##..
#...............##..........
#[....................#.....
..)..............###.....#....


You could see a death yak.

Vanquished Creatures
  2 death yaks (D:8)
  Psyche (D:8)
  2 komodo dragons
  A hornet (D:8)
  A vampire (D:7)
  2 wyverns (D:7)
  3 vampire mosquitoes (D:8)
  A steam dragon (D:8)
  3 water moccasins
  2 orc warriors (D:7)
  An ogre (D:6)
  A black bear (D:5)
  A phantom (D:4)
  A gnoll sergeant (D:8)
  3 kobold brigands (Sewer)
  A bullfrog (D:8)
  3 scorpions
  9 wights (D:8)
  3 killer bees (D:8)
  2 howler monkeys (D:6)
  4 centaur zombies (D:8)
  A jelly (D:6)
  5 orc priests
  3 hounds (D:6)
  3 iguanas
  A sleepcap (D:5)
  Terence (D:3)
  6 orc wizards
  2 killer bee zombies (D:8)
  2 howler monkey zombies (D:8)
  Robin (D:3)
  4 gnolls
  14 adders
  A river rat (Sewer)
  2 white imps
  2 ufetubi
  4 worms
  7 dart slugs
  30 orcs
  10 ball pythons
  12 endoplasms
  A giant cockroach (D:4)
  16 goblins
  12 hobgoblins
  3 jackals (D:3)
  12 kobolds
  5 quokkas
  4 bats
  6 frilled lizards
  11 rats
228 creatures vanquished.

Vanquished Creatures (collateral kills)
  An iguana (D:5)
1 creature vanquished.

Vanquished Creatures (others)
  An orc wizard (D:7)
1 creature vanquished.

Grand Total: 230 creatures vanquished

Notes
Turn   | Place    | Note
-------+----------+-------------------------------------------
     0 | D:1      | Morbidden the Demonspawn Conjurer began the quest for the
                  | Orb.
     0 | D:1      | Reached XP level 1. HP: 13/13 MP: 3/3
   215 | D:1      | Gained mutation: Your demonic aura sometimes causes spilled
                  | blood to erupt in flames. [demonic ancestry]
   215 | D:1      | Reached XP level 2. HP: 20/20 MP: 1/5
   780 | D:1      | Gained mutation: Your demonic aura often causes spilled
                  | blood to erupt in flames. [demonic ancestry]
   780 | D:1      | Reached XP level 3. HP: 25/25 MP: 2/6
  1013 | D:1      | Learned a level 2 spell: Searing Ray
  1276 | D:1      | Found a faded altar of an unknown god.
  1366 | D:1      | Reached skill level 1 in Fighting
  1922 | D:2      | Reached skill level 5 in Conjurations
  2203 | D:2      | Gained mutation: You are partially covered in sharp spines.
                  | [demonic ancestry]
  2203 | D:2      | Reached XP level 4. HP: 32/32 MP: 2/7
  2749 | D:3      | Noticed Terence
  2754 | D:3      | Killed Terence
  3066 | D:3      | Reached XP level 5. HP: 19/37 MP: 0/9
  3727 | D:3      | Noticed Robin
  3746 | D:3      | Killed Robin
  4283 | D:4      | You fall into a shaft and drop 3 floors!
  4318 | D:7      | Noticed a komodo dragon
  4357 | D:6      | Gained mutation: You have a pair of small antennae on your
                  | head. [demonic ancestry]
  4357 | D:6      | Reached XP level 6. HP: 44/44 MP: 8/10
  4529 | D:6      | Found Wokaorid's CLEARANCE SALE!.
  4574 | D:6      | Reached skill level 6 in Conjurations
  4624 | D:6      | Gained mutation: You have an unusually large brain. (Int
                  | +2) [demonic ancestry]
  4624 | D:6      | Reached XP level 7. HP: 50/50 MP: 12/12
  4677 | D:6      | Reached skill level 1 in Armour
  4677 | D:6      | Reached skill level 1 in Shapeshifting
  4699 | D:5      | Entered Level 5 of the Dungeon
  4762 | D:5      | Found a glowing drain.
  4767 | Sewer    | Entered a sewer
  4775 | Sewer    | Reached skill level 1 in Unarmed Combat
  5272 | D:5      | Found an ancient bone altar of Kikubaaqudgha.
  5376 | D:4      | Reached XP level 8. HP: 51/57 MP: 11/14
  5657 | D:4      | Identified the +0 chain mail of Xunk {Regen+ rCorr Int-4}
  5840 | D:4      | Found a staircase to the Ecumenical Temple.
  5914 | Temple   | Entered the Ecumenical Temple
  5942 | Temple   | Became a worshipper of Cheibriados the Contemplative
  6100 | D:5      | Found Gurroh's Jewellery Shoppe.
  6109 | D:5      | Bought a ring of magical power for 260 gold pieces
  6143 | D:5      | Reached skill level 1 in Short Blades
  6428 | D:6      | Found a sparkling altar of Nemelex Xobeh.
  6473 | D:6      | Noticed a komodo dragon
  6479 | D:6      | Reached skill level 1 in Invocations
  6481 | D:6      | Killed a komodo dragon
  6620 | D:6      | Learned a level 4 spell: Iskenderun's Mystic Blast
  6625 | D:6      | Learned a level 4 spell: Airstrike
  6818 | D:7      | Reached skill level 5 in Spellcasting
  6818 | D:7      | Gained mutation: You are mostly covered in sharp spines.
                  | [demonic ancestry]
  6818 | D:7      | Reached XP level 9. HP: 45/64 MP: 16/16
  6901 | D:7      | Reached skill level 7 in Conjurations
  7294 | D:7      | Found a broken altar of Ashenzari.
  7565 | D:7      | Reached skill level 1 in Translocations
  7573 | D:7      | Reached skill level 1 in Air Magic
  7573 | D:7      | Reached * piety under Cheibriados
  8462 | D:8      | Gained mutation: You have an extremely huge brain. (Int +4)
                  | [demonic ancestry]
  8462 | D:8      | Reached XP level 10. HP: 68/73 MP: 19/19
  8472 | D:8      | Reached ** piety under Cheibriados
  8714 | D:8      | Found an opulent altar of Gozag.
  8833 | D:8      | Noticed Psyche
  8833 | D:8      | Noticed a death yak
  8840 | D:8      | Noticed a death yak
  8842 | D:8      | Noticed a death yak
  8990 | D:8      | Killed Psyche
  9142 | D:8      | Killed a death yak
  9143 | D:8      | Reached skill level 5 in Fighting
  9143 | D:8      | Reached skill level 8 in Conjurations
  9151 | D:8      | Killed a death yak
  9155 | D:8      | Slain by a death yak

Illustrated notes

Levels and vault maps discovered:
D:1:      ncdulo_smallfort, layout_basic, shapermc_ecumenical_altar_petra
D:2:      layout_basic, palyth_stone_intersect
D:3:      layout_loops_corners, corexii_item_surrounded_by_moat, uniq_robin,
          uniq_terence
D:4:      nicolae_BIG_FREAKIN_CUBE, layout_cave_pools,
          minmay_temple_entry_drinking_statues
D:5:      layout_basic, amcnicky_altar_gilded, serial_shops,
          nicolae_stop_n_shop_1, gup_sewer_entry_bowl, grunt_ministairs_13
D:6:      layout_gridville, overflow_temple_1_default, nicolae_shop_clearance
D:7:      layout_layer_cave, gammafunk_temple_overflow_elements
D:8:      layout_cave_pools, nicolae_gozag_cash_rules_everything_around_me,
          mainiacjoe_overflow_large_starburst, dpeg_lair_monsters,
          serial_undead, serial_undead_f, serial_undead_a, serial_undead_c,
          serial_undead_d, uniq_psyche
Temple:   regret_index_temple_generic_petals

Skill      XL: |  1  2  3  4  5  6  7  8  9 10 |
---------------+-------------------------------+-----
Fighting       | 1 2 3 4 5 |  5.1
Conjurations   | 5 6 7 8 |  8.2
Dodging        | 2 3 4 |  4.9
Stealth        | 2 |  2.9
Spellcasting   | 3 4 5 6 7 |  7.0
Armour         | 1 2 3 |  3.9
Shapeshifting  | 1 2 3 |  3.6
Unarmed Combat | 1 |  1.3
Short Blades   | 2 3 |  3.0
Invocations    | 2 3 4 |  4.5
Translocations | 1 2 |  2.4
Air Magic      | 1 2 |  2.6

Action                     |  1- 3 |  4- 6 |  7- 9 | 10-12 || total
---------------------------+-------+-------+-------+-------++-------
  Melee: Unarmed           |    18 |    22 |       |       ||    40
         Punch             |       |     1 |     2 |       ||     3
         Dagger            |       |    39 |   110 |       ||   149
   Cast: Magic Dart        |    88 |    79 |    70 |    42 ||   279
         Searing Ray       |       |     5 |    54 |    18 ||    77
         Iskenderun's Myst |       |       |       |    20 ||    20
  Evoke: Wand              |       |       |       |     2 ||     2
    Use: Scroll            |       |       |    12 |       ||    12
         Potion            |       |       |     1 |     1 ||     2
   Stab: Sleeping          |       |     2 |     1 |       ||     3
 Armour: Robe              |     4 |       |       |       ||     4
         Ring mail         |       |    32 |    71 |    12 ||   115
  Dodge: Dodged            |    12 |    38 |    98 |     9 ||   157

Table legend: (Time is in decaauts)
 A = Elapsed time spent in this place.
 B = Non-inter-level travel time spent in this place.
 C = Inter-level travel time spent in this place.
 D = Time resting spent in this place.
 E = Time spent auto-exploring this place.
 F = Levels seen in this place.
 G = Mean time per level.
                   A        B        C        D        E       F      G
               +--------+--------+--------+--------+--------+-----+--------+
         Total |   9837 |   9447 |    390 |    233 |   7710 |  10 |  983.7 |
       Dungeon |   9211 |   8880 |    331 |    233 |   7323 |   8 | 1151.4 |
        Temple |     61 |      2 |     59 |      0 |      0 |   1 |   61.0 |
         Sewer |    564 |    564 |      0 |      0 |    386 |   1 |  564.0 |
               +--------+--------+--------+--------+--------+-----+--------+

Top non-repeatable levels by time:
     D:7: 1910 daAuts
     D:1: 1585 daAuts
     D:3: 1489 daAuts
     D:2: 1139 daAuts
     D:8: 901 daAuts
     D:6: 781 daAuts
     D:5: 763 daAuts
     D:4: 640 daAuts
   Sewer: 564 daAuts
  Temple: 61 daAuts
